PIO (24 & UNDER)
SEATTLE RAINIERS @ CHULA VISTA TACOS
07/20/2024
 
TOP OF THE 1ST
Seattle Rainiers batting - Pitching for Chula Vista Tacos : RHP Jesús De Los Santos
Pitching: RHP Jesús De Los Santos
Batting: RHB Edward Melton 0-0: Foul Ball, location: 2F
0-1: Called Strike
0-2: Ball
1-2: Ball
2-2: Strikes out swinging
Batting: RHB Enrique Mendoza 0-0: Foul Ball, location: 2F
0-1: Swinging Strike
0-2: Ball
1-2: DOUBLE (Line Drive, 9LS)
Batting: RHB Jorge Montoya 0-0: Ball
1-0: Fly out, F8 (Flyball, 8RS)
Batting: LHB Brian Boone 0-0: Ball
1-0: Swinging Strike
1-1: Foul Ball, location: 2F
1-2: SINGLE (Line Drive, 34D)
Enrique Mendoza to third
Runner from 3rd tries for Home, SAFE, no throw or cutoff
Batting: SHB Nick Cox 0-0: Ball
Wild Pitch!
Brian Boone to second
1-0: Called Strike
1-1: Ball
2-1: Foul Ball, location: 2F
2-2: Ball
3-2: Strikes out swinging
Top of the 1st over - 1 run(s), 2 hit(s), 0 error(s), 1 left on base; Seattle 1 - Chula Vista 0
BOTTOM OF THE 1ST
Chula Vista Tacos batting - Pitching for Seattle Rainiers : LHP William Gordon
Pitching: LHP William Gordon
Batting: RHB Ricardo Guzmán 0-0: Ball
1-0: Called Strike
1-1: Foul Ball, location: 2F
1-2: Hit by Pitch
Batting: LHB Alberto Santos 0-0: Ball
1-0: Fly out, F6 (Popup, 6MD)
Batting: RHB Luis Martínez 0-0: Called Strike
0-1: Ball
Ricardo Guzmán is caught stealing 2nd base
1-1: Ball
2-1: Ball
3-1: Base on Balls
Batting: RHB Griswold Coleman 0-0: Ball
1-0: Ball
2-0: Foul Ball, location: 2F
2-1: Ball
3-1: Called Strike
3-2: Base on Balls
Luis Martínez to second
Batting: RHB Doug Brown 0-0: Ball
1-0: Foul Ball, location: 2F
1-1: Fly out, F8 (Flyball, 8LD)
Bottom of the 1st over - 0 run(s), 0 hit(s), 0 error(s), 2 left on base; Seattle 1 - Chula Vista 0
TOP OF THE 2ND
Seattle Rainiers batting - Pitching for Chula Vista Tacos : RHP Jesús De Los Santos
Batting: RHB Roberto Pérez 0-0: Ball
1-0: Called Strike
1-1: Ball
2-1: SINGLE (Groundball, 4M)
Batting: LHB Alan Moore 0-0: Called Strike
0-1: Foul Ball, location: 2F
0-2: Ball
1-2: Ball
2-2: Foul Ball, location: 2F
2-2: Ball
3-2: Foul Ball, location: 2F
3-2: SINGLE (Line Drive, 34D)
Roberto Pérez to second
Batting: RHB Doug Williams 0-0: Ball
1-0: Swinging Strike
1-1: Swinging Strike
1-2: Strikes out swinging
Batting: RHB Jorge Colón 0-0: Fly out, F7 (Flyball, 78M)
Batting: RHB Edward Melton 0-0: Called Strike
0-1: Ball
1-1: Ball
2-1: Ball
3-1: Base on Balls
Roberto Pérez to third
Alan Moore to second
Batting: RHB Enrique Mendoza 0-0: Ball
1-0: Called Strike
1-1: Called Strike
1-2: Strikes out swinging
Top of the 2nd over - 0 run(s), 2 hit(s), 0 error(s), 3 left on base; Seattle 1 - Chula Vista 0
BOTTOM OF THE 2ND
Chula Vista Tacos batting - Pitching for Seattle Rainiers : LHP William Gordon
Batting: RHB Ron Glass 0-0: Fly out, F8 (Popup, 8LS)
Batting: RHB Fred Ameris 0-0: Called Strike
0-1: Ball
1-1: Ball
2-1: Ball
3-1: Ground out 5-3 (Groundball, 5S)
Batting: LHB Ray Bryant 0-0: Called Strike
0-1: Ball
1-1: Swinging Strike
1-2: SINGLE (Groundball, 56)
Batting: SHB Michael Aisher 0-0: Ball
1-0: Ball
Ray Bryant is caught stealing 2nd base
Bottom of the 2nd over - 0 run(s), 1 hit(s), 0 error(s), 0 left on base; Seattle 1 - Chula Vista 0
TOP OF THE 3RD
Seattle Rainiers batting - Pitching for Chula Vista Tacos : RHP Jesús De Los Santos
Batting: RHB Jorge Montoya 0-0: Swinging Strike
0-1: Ball
1-1: Ball
2-1: Foul Ball, location: 2F
2-2: Foul Ball, location: 2F
2-2: Ball
3-2: Base on Balls
Batting: LHB Brian Boone 0-0: Ball
1-0: Ball
2-0: Ball
3-0: Base on Balls
Jorge Montoya to second
Batting: SHB Nick Cox 0-0: Foul Ball, location: 2F
0-1: 3-RUN HOME RUN (Flyball, 89XD), Distance : 430 ft
Batting: RHB Roberto Pérez 0-0: Called Strike
0-1: Foul Ball, location: 2F
0-2: Ball
1-2: Foul Ball, location: 2F
1-2: Ball
2-2: Ball
3-2: Strikes out swinging
Batting: LHB Alan Moore 0-0: Called Strike
0-1: Foul Ball, location: 2F
0-2: Foul Ball, location: 2F
0-2: Ball
1-2: Ball
2-2: Ball
3-2: DOUBLE (Flyball, 78M)
Batting: RHB Doug Williams 0-0: Fly out, F6 (Popup, 5D)
Batting: RHB Jorge Colón 0-0: Called Strike
0-1: Foul Ball, location: 2F
0-2: Strikes out swinging
Top of the 3rd over - 3 run(s), 2 hit(s), 0 error(s), 1 left on base; Seattle 4 - Chula Vista 0
BOTTOM OF THE 3RD
Chula Vista Tacos batting - Pitching for Seattle Rainiers : LHP William Gordon
Batting: SHB Michael Aisher 0-0: Ball
1-0: Ball
2-0: Ball
3-0: Base on Balls
Batting: RHB Ricardo Guzmán 0-0: SINGLE (Line Drive, 7S)
Michael Aisher to second
Batting: LHB Alberto Santos 0-0: Foul Ball, location: 2F
0-1: Ball
1-1: Called Strike
1-2: Ground out 4-3 (Groundball, 4M)
Michael Aisher to third
Ricardo Guzmán to second
Batting: RHB Luis Martínez 0-0: Swinging Strike
0-1: Ball
1-1: Fly out, F4 (Popup, 4D)
Batting: RHB Griswold Coleman 0-0: Ball
1-0: Ball
2-0: Ball
3-0: Called Strike
3-1: Base on Balls
Batting: RHB Doug Brown 0-0: Ball
1-0: Ball
2-0: Ball
3-0: Called Strike
3-1: Called Strike
3-2: Fly out, F8 (Flyball, 8RS)
Bottom of the 3rd over - 0 run(s), 1 hit(s), 0 error(s), 3 left on base; Seattle 4 - Chula Vista 0
TOP OF THE 4TH
Seattle Rainiers batting - Pitching for Chula Vista Tacos : RHP Jesús De Los Santos
Batting: RHB Edward Melton 0-0: Ball
1-0: Called Strike
1-1: Called Strike
1-2: SINGLE (Line Drive, 6D)
Pitching: LHP Domingo Benítez
Batting: RHB Enrique Mendoza 0-0: Fielders Choice at 2nd, 4-6 (Groundball, 4)
Batting: RHB Jorge Montoya 0-0: Called Strike
0-1: Fly out, F2 (Popup, 2LF)
Batting: LHB Brian Boone 0-0: Ball
1-0: Called Strike
1-1: Ball
2-1: Foul Ball, location: 2F
2-2: Fly out, F8 (Flyball, 8RD)
Top of the 4th over - 0 run(s), 1 hit(s), 0 error(s), 1 left on base; Seattle 4 - Chula Vista 0
BOTTOM OF THE 4TH
Chula Vista Tacos batting - Pitching for Seattle Rainiers : LHP William Gordon
Batting: RHB Ron Glass 0-0: TRIPLE (Flyball, 78XD)
Batting: RHB Fred Ameris 0-0: Ball
1-0: Ball
2-0: Ball
3-0: Base on Balls
Batting: LHB Ray Bryant 0-0: DOUBLE (Line Drive, 9LS)
Ron Glass scores
Fred Ameris to third
Runner from 3rd tries for Home, SAFE, no throw or cutoff
Batting: SHB Michael Aisher 0-0: Called Strike
0-1: Fly out, F8 (Line Drive, 8RM)
Batting: RHB Ricardo Guzmán 0-0: Called Strike
0-1: Fly out, F2 (Popup, 2RF)
Batting: LHB Alberto Santos 0-0: Fly out, F4 (Line Drive, 4)
Bottom of the 4th over - 2 run(s), 2 hit(s), 0 error(s), 1 left on base; Seattle 4 - Chula Vista 2
TOP OF THE 5TH
Seattle Rainiers batting - Pitching for Chula Vista Tacos : LHP Domingo Benítez
Batting: SHB Nick Cox 0-0: Ball
1-0: Ball
2-0: Called Strike
2-1: Foul Ball, location: 2F
2-2: Strikes out swinging
Batting: RHB Roberto Pérez 0-0: Called Strike
0-1: Ball
1-1: Ball
2-1: Foul Ball, location: 2F
2-2: Foul Ball, location: 2F
2-2: Foul Ball, location: 2F
2-2: Strikes out looking
Batting: LHB Alan Moore 0-0: SINGLE (Line Drive, 4M)
Batting: RHB Doug Williams 0-0: Ball
Pickoff Throw to First - Out!
Top of the 5th over - 0 run(s), 1 hit(s), 0 error(s), 0 left on base; Seattle 4 - Chula Vista 2
BOTTOM OF THE 5TH
Chula Vista Tacos batting - Pitching for Seattle Rainiers : LHP William Gordon
Batting: RHB Luis Martínez 0-0: Ball
1-0: Ball
2-0: Ball
3-0: Base on Balls
Batting: RHB Griswold Coleman 0-0: Called Strike
0-1: Called Strike
0-2: Strikes out swinging
Batting: RHB Doug Brown 0-0: DOUBLE (Groundball, 5L)
Luis Martínez to third
Batting: RHB Ron Glass 0-0: Foul Ball, location: 2F
0-1: Ball
1-1: Ball
2-1: Foul Ball, location: 2F
2-2: Ball
3-2: Strikes out swinging
Batting: RHB Fred Ameris 0-0: Foul Ball, location: 2F
0-1: Ball
1-1: Ball
2-1: Foul Ball, location: 2F
2-2: Foul Ball, location: 2F
2-2: Ball
3-2: Foul Ball, location: 2F
3-2: Foul Ball, location: 2F
3-2: Reached on error, E5 (Groundball, 5)
Luis Martínez scores
Doug Brown to third
Pitching: RHP Domingo García
Batting: LHB Ray Bryant 0-0: Ball
1-0: Fly out, F8 (Line Drive, 8LS)
Bottom of the 5th over - 1 run(s), 1 hit(s), 1 error(s), 2 left on base; Seattle 4 - Chula Vista 3
TOP OF THE 6TH
Seattle Rainiers batting - Pitching for Chula Vista Tacos : LHP Domingo Benítez
Batting: RHB Doug Williams 0-0: Ball
1-0: Ball
2-0: Called Strike
2-1: Called Strike
2-2: Strikes out swinging
Batting: RHB Jorge Colón 0-0: Ball
1-0: Called Strike
1-1: Foul Ball, location: 2F
1-2: Ball
2-2: Ball
3-2: Strikes out looking
Batting: RHB Edward Melton 0-0: Called Strike
0-1: Foul Ball, location: 2F
0-2: Ball
1-2: Ball
2-2: Ball
3-2: Strikes out swinging
Top of the 6th over - 0 run(s), 0 hit(s), 0 error(s), 0 left on base; Seattle 4 - Chula Vista 3
BOTTOM OF THE 6TH
Chula Vista Tacos batting - Pitching for Seattle Rainiers : RHP Domingo García
Batting: SHB Michael Aisher 0-0: Ball
1-0: Fly out, F3 (Line Drive, 3)
Batting: RHB Ricardo Guzmán 0-0: Called Strike
0-1: Ball
1-1: Ball
2-1: Ground out 5-3 (Groundball, 5S)
Batting: LHB Alberto Santos 0-0: Fly out, F8 (Line Drive, 8RS)
Bottom of the 6th over - 0 run(s), 0 hit(s), 0 error(s), 0 left on base; Seattle 4 - Chula Vista 3
TOP OF THE 7TH
Seattle Rainiers batting - Pitching for Chula Vista Tacos : LHP Domingo Benítez
Pitching: LHP Nesto Pérez
Batting: RHB Enrique Mendoza 0-0: Called Strike
0-1: Foul Ball, location: 2F
0-2: Fly out, F6 (Popup, 6)
Batting: RHB Jorge Montoya 0-0: Ball
1-0: Fly out, F8 (Line Drive, 8LM)
Batting: LHB Brian Boone 0-0: Ball
1-0: Ball
2-0: Ball
3-0: Called Strike
3-1: Foul Ball, location: 2F
3-2: Base on Balls
Batting: SHB Nick Cox 0-0: Called Strike
0-1: Ball
Wild Pitch!
Brian Boone to second
1-1: Ball
2-1: Called Strike
2-2: Ball
3-2: Strikes out swinging
Top of the 7th over - 0 run(s), 0 hit(s), 0 error(s), 1 left on base; Seattle 4 - Chula Vista 3
BOTTOM OF THE 7TH
Chula Vista Tacos batting - Pitching for Seattle Rainiers : RHP Domingo García
Batting: RHB Luis Martínez 0-0: Swinging Strike
0-1: Called Strike
0-2: Ball
1-2: Ball
2-2: Ball
3-2: Foul Ball, location: 2F
3-2: Foul Ball, location: 2F
3-2: Base on Balls
Batting: RHB Griswold Coleman 0-0: Ball
1-0: Ball
2-0: SINGLE (Groundball, 34D)
Luis Martínez to second
Runner from 2nd tries for 3rd, SAFE, throw made to third
Batting: RHB Doug Brown 0-0: Ball
1-0: Fly out, F6 (Line Drive, 6)
Batting: RHB Ron Glass 0-0: SINGLE (Groundball, 56D)
Luis Martínez scores
Griswold Coleman to second
Batting: RHB Fred Ameris 0-0: Ball
1-0: Foul Ball, location: 2F
1-1: Ball
2-1: SINGLE (Line Drive, 6)
Griswold Coleman to third
Ron Glass to second
Batting: LHB Ray Bryant 0-0: Ball
1-0: Ball
2-0: Foul Ball, location: 2F
2-1: GRAND SLAM HOME RUN (Line Drive, 9D), Distance : 397 ft
Pitching: RHP Lúcio Feliciano
Batting: SHB Michael Aisher 0-0: Ball
1-0: Called Strike
1-1: Ball
2-1: Ground out 2-3 (Groundball, 2L)
Batting: RHB Ricardo Guzmán 0-0: Ball
1-0: Swinging Strike
1-1: Ball
2-1: Ball
3-1: Base on Balls
Batting: LHB Alberto Santos 0-0: Ball
1-0: SINGLE (Flyball, 8RS)
Ricardo Guzmán to second
Batting: RHB Luis Martínez 0-0: Called Strike
0-1: Ball
1-1: Ball
2-1: Swinging Strike
2-2: SINGLE (Groundball, 56D)
Ricardo Guzmán to third
Alberto Santos to second
Runner from 3rd tries for Home, SAFE, no throw or cutoff
Batting: RHB Griswold Coleman 0-0: Ball
1-0: Foul Ball, location: 2F
1-1: Foul Ball, location: 2F
1-2: Ball
2-2: SINGLE (Groundball, 25) (infield hit)
Alberto Santos to third
Luis Martínez to second
Batting: RHB Doug Brown 0-0: Called Strike
0-1: Foul Ball, location: 2F
0-2: Ball
1-2: Fly out, F4 (Popup, 34)
Bottom of the 7th over - 6 run(s), 7 hit(s), 0 error(s), 3 left on base; Seattle 4 - Chula Vista 9
TOP OF THE 8TH
Seattle Rainiers batting - Pitching for Chula Vista Tacos : LHP Nesto Pérez
Now at C: Steven Williams
Now in LF: Jaime Icaza
Now in RF: Karl Hill
Batting: RHB Roberto Pérez 0-0: Ball
1-0: Called Strike
1-1: Foul Ball, location: 2F
1-2: Strikes out looking
Batting: LHB Alan Moore 0-0: Foul Ball, location: 2F
0-1: Ball
1-1: Ball
2-1: Foul Ball, location: 2F
2-2: Ball
3-2: Strikes out swinging
Batting: RHB Doug Williams 0-0: Called Strike
0-1: Called Strike
0-2: Ball
1-2: Foul Ball, location: 2F
1-2: Ground out 4-3 (Groundball, 4M)
Top of the 8th over - 0 run(s), 0 hit(s), 0 error(s), 0 left on base; Seattle 4 - Chula Vista 9
BOTTOM OF THE 8TH
Chula Vista Tacos batting - Pitching for Seattle Rainiers : RHP Lúcio Feliciano
Batting: RHB Ron Glass 0-0: Called Strike
0-1: Foul Ball, location: 2F
0-2: Ball
1-2: Ball
2-2: Ground out 6-3 (Groundball, 6)
Batting: RHB Fred Ameris 0-0: Called Strike
0-1: Ball
1-1: Ball
2-1: Fly out, F7 (Flyball, 7M)
Batting: LHB Karl Hill 0-0: Ground out 6-3 (Groundball, 6M)
Bottom of the 8th over - 0 run(s), 0 hit(s), 0 error(s), 0 left on base; Seattle 4 - Chula Vista 9
TOP OF THE 9TH
Seattle Rainiers batting - Pitching for Chula Vista Tacos : LHP Nesto Pérez
Batting: RHB Jorge Colón 0-0: Ball
1-0: Ground out 6-3 (Groundball, 6)
Batting: RHB Edward Melton 0-0: Called Strike
0-1: Swinging Strike
0-2: Strikes out looking
Batting: RHB Enrique Mendoza 0-0: Ball
1-0: Ball
2-0: Called Strike
2-1: Ball
3-1: Ground out 4-3 (Groundball, 4)
Top of the 9th over - 0 run(s), 0 hit(s), 0 error(s), 0 left on base; Seattle 4 - Chula Vista 9
This league is powered by Out of the Park Baseball, the baseball management simulation game for PC, Mac and Linux
Saturday, April 9th, 2016 - OOTP Baseball 16.8 Build 38